 Dungeon Crawl Stone Soup version 0.30.1-4-g462c640d31 (webtiles) character file.

Game seed: 5297109809051598289

597 Wiggles the Cleaver (level 7, -4/57 HPs)
             Began as a Minotaur Berserker on Aug 22, 2023.
             Was a Priest of Trog.
             Slain by a kobold brigand
             ... wielding a +0 club
              (5 damage)
             ... in a sewer.
             The game lasted 00:08:02 (3628 turns).

Wiggles the Cleaver (Minotaur Berserker)            Turns: 3628, Time: 00:08:02

Health: -4/57      AC: 14    Str: 23 (24) XL:     7   Next: 17%
Magic:  6/6        EV:  5    Int:  9 (10) God:    Trog [***...]
Gold:   178        SH:  6    Dex:  8 (9)  Spells: 6/6 levels left

rFire   . . .        a - +0 hand axe
rCold   + . .        x - +1 kite shield {rC+}
rNeg    . . .        k - +0 plate armour
rPois   .            (helmet restricted)
rElec   .            y - +0 cloak
rCorr   .            w - +1 pair of gloves
SInv    .            (no boots)
Will    .....        q - amulet of the acrobat Stlth
                     D - +6 ring of intelligence
HPRegen 0.29/turn    (no ring)
MPRegen 0.10/turn

%: acrobat
@: brilliant, on berserk cooldown, invisible
A: horns 2, retaliatory headbutt
a: Renounce Religion, Berserk, Trog's Hand


You were in a sewer.
You worshipped Trog.
Trog was most pleased with you.
You visited 1 branch of the dungeon, and saw 6 of its levels.
You also visited: Sewer.

You collected 202 gold pieces.
You spent 24 gold pieces at shops.

Inventory:

Hand Weapons
 a - a +0 hand axe (weapon)
Armour
 k - a +0 plate armour (worn)
 w - a +1 pair of gloves (worn)
 x - a +1 kite shield of cold resistance (worn)
 y - a +0 cloak (worn)
Jewellery
 q - an amulet of the acrobat (around neck)
 D - a +6 ring of intelligence (left hand)
Wands
 g - a wand of light (11)
 p - a wand of mindburst (18)
 u - a wand of charming (7)
 A - a wand of roots (3)
Scrolls
 c - a scroll of teleportation {unknown}
 d - 5 scrolls of identify
 e - 2 scrolls of torment {unknown}
 h - 2 scrolls of fear {unknown}
 l - a scroll of enchant weapon {unknown}
 n - a scroll of immolation {unknown}
 r - a scroll of silence {unknown}
 t - a scroll of amnesia {unknown}
 v - a scroll of noise {unknown}
 B - a scroll of vulnerability {unknown}
Potions
 f - 5 potions of lignification
 i - a potion of might
 j - a potion of degeneration
 o - 2 potions of attraction
 s - a potion of resistance


   Skills:
 - Level 3.6 Fighting
 + Level 10.0 Axes
 - Level 2.4 Armour
 - Level 2.1 Dodging
 - Level 0.1 Stealth


You had 6 spell levels left.
You didn't know any spells.
Your spell library was empty.

Dungeon Overview and Level Annotations

Branches:
Dungeon (6/15)             Temple (0/1) D:5           Sewer (1/1)

Altars:

Shops:
D:3 *[?:[

Annotations:
Sewer Grinder


Innate Abilities, Weirdness & Mutations

You have a pair of horns on your head.
You reflexively headbutt those who attack you in melee.


Message History

Your magical effects are unravelling.
You feel magically purged.
You feel less wooden.
Your +0 cloak unmelds from your body.
Your +1 pair of gloves unmelds from your body.
Your +0 plate armour unmelds from your body.
You feel yourself speed up.
You feel a little less mighty now.
Your resistance to elements expires.
The giant cockroach bites you but does no damage.
The shadow imp hits you but does no damage.
You block the kobold brigand's attack. The kobold hits you but does no damage.
The kobold brigand hits you with a +0 club.
* * * LOW HITPOINT WARNING * * *
The giant cockroach bites you but does no damage.
The kobold brigand hits you but does no damage.
The kobold barely misses you. The shadow imp completely misses you.
The kobold brigand hits you but does no damage.
You feel less attractive to monsters.
It was a potion of brilliance.
You feel clever all of a sudden. The giant cockroach bites you.
* * * LOW HITPOINT WARNING * * *
The shadow imp barely misses you. You furiously retaliate!
You headbutt the shadow imp!
You kill the shadow imp!
Trog accepts your kill.
The kobold brigand hits you but does no damage.
The kobold brigand hits you with a +0 club.
* * * LOW HITPOINT WARNING * * *
The kobold hits you but does no damage.
Your Axes skill increases to level 10!
It was a potion of invisibility.
You fade into invisibility!
The giant cockroach bites you but does no damage.
The kobold brigand barely misses you. You furiously retaliate!
You headbutt the kobold brigand!
You kill the kobold brigand!
Trog accepts your kill.
The kobold brigand hits you with a +0 club.
You die...

#≈~.'..≈≈≈≈≈≈≈≈≈
#≈~.#.~≈≈≈≈≈≈≈≈≈≈≈≈ ≈..
#≈~.#.~≈≈≈≈≈≈≈≈≈≈≈≈ ≈..
#≈~.#.~≈≈≈≈≈≈≈≈≈≈≈≈ #'''
#≈..#..~~≈≈≈≈≈≈≈≈≈≈ .....
#≈≈.#.)).≈≈≈≈≈~≈≈~≈
..⌠..###.####.#≈###~~#≈##
⌠.....#BK.#≈≈....)......)
.._.⌠5)W@.≈≈≈≈..........)
⌠.....#K).#~≈....).......
..⌠..###.####.###≈##≈##≈#
..... #≈~.#...~≈≈≈≈≈≈≈≈≈≈
#''' #≈..#..≈≈~≈≈≈≈≈≈≈≈≈
≈.. #≈~.#.~≈≈≈≈≈≈≈≈≈≈≈≈
≈.. #~~.#.≈≈≈≈≈≈≈≈≈≈≈≈≈
#≈~.# ≈≈≈≈≈≈≈≈≈≈≈≈≈ #~~.'
≈≈≈≈


You could see Grinder (unable to see you), a kobold brigand (unable to see you),
a phantom (unable to see you), a giant cockroach (unable to see you) and a
kobold (unable to see you).

Vanquished Creatures
  An ogre (D:4)
  A kobold brigand (Sewer)
  A howler monkey (D:4)
  Crazy Yiuf (D:3)
  3 hounds
  A jelly (D:4)
  A sleepcap (D:6)
  2 iguanas (D:5)
  Ijyb (D:3)
  A gnoll (D:1)
  3 adders
  A river rat (D:6)
  4 shadow imps (Sewer)
  4 ufetubi
  5 worms
  A dart slug (D:3)
  2 orcs (D:3)
  9 ball pythons
  9 endoplasms
  4 giant cockroaches
  13 goblins
  6 hobgoblins
  7 jackals
  5 quokkas
  8 bats
  5 frilled lizards
  21 kobolds
  A kobold zombie (Sewer)
  7 rats
128 creatures vanquished.

Notes
Turn   | Place    | Note
-------+----------+-------------------------------------------
     0 | D:1      | Wiggles the Minotaur Berserker began the quest for the Orb.
     0 | D:1      | Reached XP level 1. HP: 19/19 MP: 0/0
    70 | D:1      | Reached skill level 4 in Axes
   128 | D:1      | Reached XP level 2. HP: 26/26 MP: 1/1
   372 | D:1      | Reached ** piety under Trog
   380 | D:1      | Reached skill level 5 in Axes
   564 | D:1      | Reached XP level 3. HP: 31/31 MP: 2/2
   769 | D:2      | Identified the +2 robe of Gozag's Castigation {Rampage
                  | Will+}
   779 | D:2      | You fall into a shaft and drop 2 floors!
   790 | D:4      | Noticed an ogre
   801 | D:4      | Killed an ogre
   802 | D:4      | Reached skill level 6 in Axes
   802 | D:4      | Reached XP level 4. HP: 27/39 MP: 3/3
   805 | D:4      | Reached XP level 5. HP: 28/45 MP: 4/4
   806 | D:4      | Reached skill level 7 in Axes
  1176 | D:3      | Found Utergh's Antique Armour Shop.
  1233 | D:3      | Found Opiom's Book Shop.
  1602 | D:2      | Reached skill level 8 in Axes
  1878 | D:3      | Reached XP level 6. HP: 51/51 MP: 5/5
  1894 | D:3      | Found Daoguoxt's General Store.
  1957 | D:3      | Found Aniav's Magic Scroll Shop.
  2005 | D:3      | Reached *** piety under Trog
  2175 | D:3      | Found Mirot's Antique Armour Emporium.
  2226 | D:3      | Found a runed translucent door.
  2227 | D:3      | Noticed Crazy Yiuf
  2237 | D:3      | Killed Crazy Yiuf
  2383 | D:3      | Noticed Ijyb
  2395 | D:3      | Killed Ijyb
  2465 | D:3      | Bought a scroll of identify for 24 gold pieces
  2736 | D:5      | Entered Level 5 of the Dungeon
  2992 | D:5      | Found a staircase to the Ecumenical Temple.
  2999 | D:5      | Reached skill level 9 in Axes
  3366 | D:6      | Reached XP level 7. HP: 41/57 MP: 6/6
  3435 | D:6      | Found a glowing drain.
  3460 | Sewer    | Entered a sewer
  3584 | Sewer    | Found an ancient bone altar of Kikubaaqudgha.
  3593 | Sewer    | Reached **** piety under Trog
  3606 | Sewer    | Noticed Grinder
  3627 | Sewer    | HP: 1/57 [kobold brigand/+0 club (3)]
  3628 | Sewer    | Reached skill level 10 in Axes
  3628 | Sewer    | Slain by a kobold brigand

Illustrated notes

Levels and vault maps discovered:
D:1:      dpeg_arrival_rooms_with_view, layout_rooms, serial_curves,
          eino_curves_02, eino_curves_02
D:2:      layout_basic, reono_crystal_passage
D:3:      layout_loops_ring, serial_shops, nicolae_shop_crystal,
          nicolae_shop_real_fake_doors, shop, nicolae_shop_window_shopping,
          nicolae_shop_just_a_little_nook, grunt_decor_mini_mirrors,
          st_stairs_11, uniq_crazy_yiuf_cottage, uniq_ijyb
D:4:      layout_rooms, moated_statue
D:5:      layout_rooms, minmay_temple_entry_mist
D:6:      layout_basic, portal_sewer_entry_b, corexii_hall_statues_deadend
Sewer:    kennysheep_sewer_church

Skill      XL: |  1  2  3  4  5  6  7 |
---------------+----------------------+-----
Axes           | 4 5 6 8 9 10 | 10.0
Fighting       | |  3.6
Armour         | |  2.4
Dodging        | |  2.1
Stealth        | |  0.1

Action                     |  1- 3 |  4- 6 |  7- 9 || total
---------------------------+-------+-------+-------++-------
  Melee: Hand axe          |    81 |   162 |    67 ||   310
         Headbutt          |    13 |    23 |     7 ||    43
         Punch             |     1 |       |       ||     1
 Invoke: Berserk           |     2 |     1 |     1 ||     4
         Trog's Hand       |       |       |     1 ||     1
    Use: Potion            |       |       |     9 ||     9
 Armour: Animal skin       |     3 |       |       ||     3
         Ring mail         |     9 |       |       ||     9
         Plate armour      |    20 |    85 |    66 ||   171
         Skin              |       |       |    31 ||    31
  Dodge: Dodged            |    39 |    59 |    39 ||   137
  Block: Kite shield       |       |    21 |    47 ||    68
